 Dungeon Crawl Stone Soup version 0.31-a0-150-g89dc3ad700 (webtiles) character file.

Game seed: 6261047938172180687

88 qw the Shooter (level 4, -9/38 HPs)
             Began as a Minotaur Hunter on June 8, 2023.
             Mangled by Sigmund
             ... wielding a +0 scythe
              (11 damage)
             ... on level 2 of the Dungeon.
             The game lasted 00:00:23 (1113 turns).

qw the Shooter (Minotaur Hunter)                    Turns: 1113, Time: 00:00:24

Health: -9/38      AC:  3    Str: 15    XL:     4   Next: 29%
Magic:  3/3        EV: 12    Int:  6    God:
Gold:   103        SH:  0    Dex: 22    Spells: 3/3 levels left

rFire   . . .        Y - +0 shortbow
rCold   . . .        (shield currently unavailable)
rNeg    . . .        c - +0 leather armour
rPois   .            (helmet restricted)
rElec   .            (no cloak)
rCorr   .            (no gloves)
SInv    .            (no boots)
Will    .....        (no amulet)
Stlth   ++           g - +6 ring of dexterity
HPRegen 0.26/turn    (no ring)
MPRegen 0.08/turn

%: no passive effects
@: no status effects
A: horns 2, retaliatory headbutt
a: no special abilities


You were on level 2 of the Dungeon.
You visited 1 branch of the dungeon, and saw 2 of its levels.

You collected 103 gold pieces.


Innate Abilities, Weirdness & Mutations

You have a pair of horns on your head.
You reflexively headbutt those who attack you in melee.


   Skills:
 - Level 3.3 Fighting
 - Level 6.0 Ranged Weapons
 + Level 2.1 Dodging
 - Level 0.7 Stealth


You had 3 spell levels left.
You didn't know any spells.
Your spell library was empty.

Inventory:

Hand Weapons
 Y - a +0 shortbow (weapon)
Armour
 c - a +0 leather armour (worn)
Jewellery
 g - a +6 ring of dexterity (left hand)
Scrolls
 a - 3 scrolls of silence {unknown}
 b - a scroll of immolation {unknown}
Potions
 d - a potion of invisibility {unknown}
 f - a potion of heal wounds {unknown}

Dungeon Overview and Level Annotations

Branches:
Dungeon (2/15)

Altars:

Annotations:
D:2 Sigmund


Message History

You shoot an arrow. The arrow closely misses Sigmund.
You shoot an arrow. The arrow hits Sigmund!
Sigmund is moderately wounded.
Sigmund casts a spell.
Sigmund flickers and vanishes!
Deactivating autopickup; reactivate with Ctrl-A.
You shoot an arrow. The arrow closely misses the adder.
You shoot an arrow. The arrow hits the adder.
The adder is heavily wounded.
You shoot an arrow. The arrow hits the adder.
The adder is severely wounded.
You shoot an arrow. The arrow misses the adder.
Something hits you.
You shoot an arrow. The arrow hits the adder.
The adder is severely wounded.
The adder bites you.
You are poisoned.
The adder poisons you! Something hits you!
The adder bites you but does no damage.
You shoot an arrow. The arrow hits the adder.
The adder is almost dead.
You feel sick. The adder bites you. Something hits you.
You shoot an arrow. The arrow hits the adder.
You kill the adder!
You feel sick.
Your Ranged Weapons skill increases to level 6!
You shoot an arrow.
You feel sick. Something barely misses you.
You shoot an arrow.
You feel sick.
You are no longer poisoned.
Something hits you but does no damage.
You shoot an arrow. Something hits you!
You shoot an arrow. Something barely misses you.
You shoot an arrow. You shoot an arrow. Something hits you!
You die...

......# .>....## .. ..#
#..##..#.... ..
...##.......#####..
#................. #.....###
#.#..... #########
#.#.(.....#...{..## #.......#
%...#.....##......###.......#
...............%@...........#
#....#....#.##.#..###.......#
..##.............## #.^.....#
....##.......%.#..###.......#
..#.##.........##..........##
.)#.......####.............#
........### #.............#
....#...### ##......<.....#
....%.....## ##.#)..#######


There were no monsters in sight!

Vanquished Creatures
  6 adders (D:2)
  2 ball pythons
  A bat (D:1)
  3 endoplasms (D:1)
  5 goblins
  5 hobgoblins
  2 jackals (D:2)
  2 kobolds
  A quokka (D:1)
  2 frilled lizards (D:2)
  2 rats (D:2)
31 creatures vanquished.

Notes
Turn   | Place    | Note
-------+----------+-------------------------------------------
     0 | D:1      | qw the Minotaur Hunter began the quest for the Orb.
     0 | D:1      | Reached XP level 1. HP: 18/18 MP: 0/0
     0 | D:1      | 0 ||| qw: Version: 0.2-a-119-g7aa9181
     0 | D:1      | 0 ||| qw: Game counter: 2859
     0 | D:1      | 0 ||| qw: Always use a shield: true
     0 | D:1      | 0 ||| qw: God list: Okawaru
     0 | D:1      | 0 ||| qw: Allow faded altars: false
     0 | D:1      | 0 ||| qw: Do Orc after D:15 true
     0 | D:1      | 0 ||| qw: Do second Lair branch before Depths: true
     0 | D:1      | 0 ||| qw: Lair rune preference: random
     0 | D:1      | 0 ||| qw: Plans: Normal
     0 | D:1      | 0 ||| PLANNING D:1-11
   147 | D:1      | Found a faded altar of an unknown god.
   270 | D:1      | Reached XP level 2. HP: 25/25 MP: 1/1
   293 | D:1      | Reached skill level 5 in Ranged Weapons
   789 | D:1      | 789 ||| UPGRADING to +6 ring of dexterity.
   790 | D:1      | 790 ||| READING scroll labelled YFATO QANIPP.
   791 | D:1      | 791 ||| READING 2 scrolls labelled KAYROC GIAWI.
   792 | D:1      | 792 ||| DROPPING scroll of butterflies.
   793 | D:1      | 793 ||| DROPPING scroll of noise.
   846 | D:2      | Reached skill level 3 in Fighting
   858 | D:2      | Reached XP level 3. HP: 31/31 MP: 2/2
  1068 | D:2      | Reached XP level 4. HP: 38/38 MP: 3/3
  1097 | D:2      | Noticed Sigmund
  1108 | D:2      | Reached skill level 6 in Ranged Weapons
  1110 | D:2      | HP: 1/38 [something (11)]
  1113 | D:2      | Mangled by Sigmund

Levels and vault maps discovered:
D:1:      ncdulo_watergridlock, layout_basic, hellmonk_ecumenical_altar_run_dry
D:2:      layout_rooms, uniq_sigmund

Skill      XL: |  1  2  3  4 |
---------------+-------------+-----
Ranged Weapons | 5 6 |  6.0
Fighting       | 3 |  3.3
Dodging        | |  2.1
Stealth        | |  0.7

Action                     |  1- 3 |  4- 6 || total
---------------------------+-------+-------++-------
   Fire: Shortbow          |    66 |    20 ||    86
    Use: Scroll            |     2 |       ||     2
 Armour: Leather armour    |     5 |     2 ||     7
  Dodge: Dodged            |    12 |     2 ||    14

Table legend:
 A = Non-vault XP
 B = Vault XP
 C = Vault XP percentage of total XP
 D = Non-vault monster count
 E = Vault monster count
 F = Vault count percentage of total count
                 A         B        C        D         E       F
            +---------+---------+-------+---------+---------+-------
      Total |     126 |       0 |   0.0 |      31 |       0 |   0.0
            +---------+---------+-------+---------+---------+-------
        D:1 |      24 |       0 |   0.0 |      12 |       0 |   0.0
        D:2 |     102 |       0 |   0.0 |      19 |       0 |   0.0
            +---------+---------+-------+---------+---------+-------
